[Event "Team 45 45 League T96"]
[Site "Internet Chess Club"]
[Date "2023.05.27"]
[Round "3"]
[White "rgadoury"]
[Black "tamky70"]
[Result "0-1"]
[WhiteElo "1113"]
[BlackElo "1328"]
[Opening "Pirc: classical (two knights) system"]
[ECO "B08"]
[Time "18:00:21"]
[PlyCount "98"]
[TimeControl "2700+45"]

1. d4 Nf6 2. Nc3 d6 3. e4 g6 4. Nf3 Bg7 5. Bd3 O-O 6. O-O Nbd7 7. Re1 e5 8. d5
a6 9. a4 Nc5 10. b4 Nxd3 11. Qxd3 Bd7 12. Be3 Bg4 13. Nd2 Bd7 14. h3 Nh5 15. a5
Nf4 16. Bxf4 exf4 17. f3 Be5 18. Nc4 Bg7 19. Qd2 Bb5 20. Na3 Bxc3 21. Qxc3 c6
22. Nxb5 cxb5 23. Kf2 Rc8 24. Qd2 Qh4+ 25. Kf1 Rfe8 26. Qf2 Qxf2+ 27. Kxf2 Rxc2+
28. Kg1 Rec8 29. Rab1 f6 30. h4 h6 31. Kh2 Kg7 32. Kh3 h5 33. Rg1 R8c3 34. Rh1
g5 35. hxg5 fxg5 36. Rhd1 Kf6 37. Kh2 Ke5 38. Kg1 Rc4 39. Kf1 Rd4 40. Rxd4 Kxd4
41. Rd1+ Ke5 42. Rb1 g4 43. fxg4 hxg4 44. Kg1 Rc4 45. Kf1 Rxe4 46. Re1 Kxd5 47.
Rxe4 Kxe4 48. Ke2 Kd4 49. Kf2 Kc4 {White resigns} 0-1

[Event "Team 45 45 League T96"]
[Site "Internet Chess Club"]
[Date "2023.05.27"]
[Round "3"]
[White "Rookmaster"]
[Black "sdcohle"]
[Result "1-0"]
[WhiteElo "1595"]
[BlackElo "1342"]
[Opening "French: Two knights variation"]
[ECO "C00"]
[Time "15:00:14"]
[PlyCount "77"]
[TimeControl "2700+45"]

1. e4 e6 2. Nf3 d5 3. Nc3 dxe4 4. Nxe4 Nd7 5. d4 Ngf6 6. Bd3 Be7 7. Qe2 O-O 8.
Bg5 Nxe4 9. Qxe4 g6 10. Bxe7 Qxe7 11. h4 f5 12. Qe2 Nf6 13. O-O-O Nd5 14. g3 Nb4
15. Bc4 c6 16. Rhe1 b5 17. Bxe6+ Bxe6 18. Qxe6+ Qxe6 19. Rxe6 Rac8 20. c3 Nd5
21. Rde1 Kg7 22. Kd2 Kf7 23. Rxc6 Rc7 24. Rxc7+ Nxc7 25. Ng5+ Kg7 26. Ne6+ Nxe6
27. Rxe6 Rb8 28. Re7+ Kf6 29. Rxa7 Rb6 30. Rxh7 Rd6 31. h5 Kg5 32. hxg6 Kxg6 33.
Rb7 Rd5 34. Ke3 Kg5 35. f4+ Kg4 36. Rg7+ Kh5 37. Rg5+ Kh6 38. g4 fxg4 39. Rxd5
{Black resigns} 1-0

[Event "Team 45 45 League T96"]
[Site "Internet Chess Club"]
[Date "2023.05.27"]
[Round "3"]
[White "Tjet"]
[Black "trogers41"]
[Result "0-1"]
[WhiteElo "1275"]
[BlackElo "1378"]
[Opening "Réti opening"]
[ECO "A05"]
[Time "15:04:19"]
[PlyCount "70"]
[TimeControl "2700+45"]

1. Nf3 Nf6 2. g3 e6 3. Bg2 Be7 4. O-O O-O 5. c4 d6 6. Nc3 c5 7. d3 Nc6 8. e4 Nd4
9. Nxd4 cxd4 10. Ne2 e5 11. a3 a5 12. f4 Nd7 13. f5 Bg5 14. Kh1 Nc5 15. Rf3 Bxc1
16. Nxc1 Bd7 17. Bf1 f6 18. b3 b5 19. Rb1 Bc6 20. b4 axb4 21. axb4 Nxe4 22. dxe4
Bxe4 23. Nd3 bxc4 24. Nf2 Bxf3+ 25. Qxf3 d5 26. Bg2 e4 27. Nxe4 dxe4 28. Qxe4
Rc8 29. Qe6+ Kh8 30. Bc6 c3 31. b5 c2 32. Rc1 d3 33. Qe4 d2 34. Qxc2 dxc1=Q+ 35.
Qxc1 Re8 {White resigns} 0-1

[Event "Team 45 45 League T96"]
[Site "Internet Chess Club"]
[Date "2023.05.26"]
[Round "3"]
[White "Fulmar"]
[Black "seattleblues"]
[Result "1-0"]
[WhiteElo "1266"]
[BlackElo "1260"]
[Opening "Caro-Kann defense"]
[ECO "B10"]
[Time "21:04:02"]
[PlyCount "33"]
[TimeControl "2700+45"]

1. e4 c6 2. Nf3 d5 3. exd5 cxd5 4. Ne5 Qc7 5. d4 Nf6 6. Bd3 Nbd7 7. Bf4 Qb6 8.
c3 Qxb2 9. Nd2 Qxc3 10. Rc1 Qxd3 11. Nxd3 e6 12. Qa4 a6 13. O-O b5 14. Qc2 Nb6
15. Qc7 Nfd7 16. Bd6 Bxd6 17. Qxd6 {Black resigns} 1-0

[Event "Team 45 45 League T96"]
[Site "Internet Chess Club"]
[Date "2023.05.28"]
[Round "3"]
[White "tasawyer81"]
[Black "Reykjaviking"]
[Result "0-1"]
[WhiteElo "859"]
[BlackElo "1330"]
[Opening "Pirc defense"]
[ECO "B07"]
[Time "10:56:23"]
[PlyCount "30"]
[TimeControl "2700+45"]

1. e4 d6 2. d4 Nf6 3. Nc3 Nbd7 4. Nf3 c6 5. Bd3 Qc7 6. O-O e5 7. d5 Be7 8. dxc6
bxc6 9. Be3 h6 10. Nh4 g6 11. Qd2 Ng4 12. h3 Nxe3 13. Qxe3 Bxh4 14. g3 Be7 15.
Bc4 Nf6 {White resigns} 0-1

[Event "Team 45 45 League T96"]
[Site "Internet Chess Club"]
[Date "2023.05.28"]
[Round "3"]
[White "mongmong"]
[Black "manfredo"]
[Result "0-1"]
[WhiteElo "1484"]
[BlackElo "1557"]
[Opening "Neo-Grünfeld, 5.Nf3"]
[ECO "D73"]
[Time "18:00:51"]
[PlyCount "32"]
[TimeControl "2700+45"]

1. d4 Nf6 2. Nf3 g6 3. c4 Bg7 4. g3 d5 5. Bg2 dxc4 6. Qa4+ Nfd7 7. Nc3 Nc6 8.
Qxc4 Nb6 9. Qd3 Nxd4 10. Nxd4 Qxd4 11. Qxd4 Bxd4 12. e3 Bxc3+ 13. bxc3 O-O 14.
Ba3 Re8 15. O-O-O Rb8 16. Rd2 Nc4 {White resigns} 0-1

[Event "Team 45 45 League T96"]
[Site "Internet Chess Club"]
[Date "2023.05.28"]
[Round "3"]
[White "Pawnchain"]
[Black "olivermx"]
[Result "1-0"]
[WhiteElo "1433"]
[BlackElo "1272"]
[Opening "Queen's pawn, Mason variation"]
[ECO "D00"]
[Time "14:07:47"]
[PlyCount "85"]
[TimeControl "2700+45"]

1. d4 d5 2. Bf4 Nf6 3. e3 e6 4. c3 a6 5. Nf3 Nbd7 6. Nbd2 b5 7. Bd3 Bb7 8. Ne5
c5 9. Rc1 Rc8 10. O-O Be7 11. Ndf3 h6 12. dxc5 Bxc5 13. Nd4 O-O 14. Nxd7 Qxd7
15. Bb1 Qe7 16. Nf3 Rfd8 17. Qe2 Bb6 18. Ne5 Bc7 19. h3 Nd7 20. Ng4 Bxf4 21.
exf4 Qh4 22. Rcd1 Re8 23. Ne5 Nf6 24. Rd4 Qh5 25. Qd3 g6 26. Kh2 Kg7 27. g4 Qh4
28. Kg2 Ne4 29. Nf3 Qf6 30. Qe3 Rh8 31. Bxe4 dxe4 32. Nd2 Qe7 33. Kg3 f5 34.
gxf5 exf5 35. Nf3 Qf6 36. Ne5 Rc7 37. Nd7 Qe7 38. Ne5 g5 39. Rfd1 Bc8 40. Kh2 g4
41. Rd6 Be6 42. Nc6 gxh3 43. Nxe7 {Black resigns} 1-0

[Event "Team 45 45 League T96"]
[Site "Internet Chess Club"]
[Date "2023.05.25"]
[Round "3"]
[White "Toalla"]
[Black "PsyMar"]
[Result "0-1"]
[WhiteElo "1098"]
[BlackElo "1209"]
[Opening "King's Indian, 3.Nf3"]
[ECO "E60"]
[Time "12:00:06"]
[PlyCount "52"]
[TimeControl "2700+45"]

1. d4 Nf6 2. c4 g6 3. Nf3 Bg7 4. e3 O-O 5. g3 d6 6. Bg2 Nbd7 7. O-O e5 8. Re1
Ne8 9. e4 f5 10. Bg5 Nef6 11. exf5 gxf5 12. dxe5 dxe5 13. Bxf6 Qxf6 14. Qd5+ Kh8
15. Nc3 e4 16. Nh4 Ne5 17. Bf1 c6 18. Qd1 Be6 19. b3 Rad8 20. Qh5 Ng4 21. Rad1
Bf7 22. Qxf5 Qxf5 23. Nxf5 Bxc3 24. Ne3 Nxe3 25. fxe3 Bxe1 26. Rxe1 Rd2 {White
resigns} 0-1

[Event "Team 45 45 League T96"]
[Site "Internet Chess Club"]
[Date "2023.05.27"]
[Round "3"]
[White "Dwilkes"]
[Black "NATYNL09"]
[Result "1-0"]
[WhiteElo "1082"]
[BlackElo "1098"]
[Opening "Ruy Lopez: Berlin defense, Beverwijk variation"]
[ECO "C64"]
[Time "18:21:44"]
[PlyCount "57"]
[TimeControl "2700+45"]

1. e4 e5 2. Nf3 Nc6 3. Bb5 Bc5 4. O-O Nf6 5. d3 h6 6. c3 d6 7. b4 Bb6 8. a4 a6
9. Bxc6+ bxc6 10. a5 Ba7 11. Re1 Bg4 12. Nbd2 O-O 13. Qb3 Re8 14. Bb2 d5 15. h3
Be6 16. Qa4 dxe4 17. Nxe4 Nxe4 18. dxe4 Qd6 19. Rad1 Qe7 20. Qxc6 Rad8 21. Qxa6
c5 22. Nxe5 Qc7 23. Rxd8 Rxd8 24. Nc6 Ra8 25. Nxa7 Rxa7 26. Qd3 cxb4 27. cxb4
Qb7 28. Qd4 Qc7 29. Qxg7# {Black checkmated} 1-0

[Event "Team 45 45 League T96"]
[Site "Internet Chess Club"]
[Date "2023.05.30"]
[Round "3"]
[White "BlueStorm"]
[Black "burlap"]
[Result "1-0"]
[WhiteElo "1477"]
[BlackElo "1287"]
[Opening "Queen's pawn, Mason variation"]
[ECO "D00"]
[Time "09:00:14"]
[PlyCount "147"]
[TimeControl "2700+45"]

1. d4 d5 2. Bf4 Nf6 3. e3 Bf5 4. Bd3 Bxd3 5. Qxd3 e6 6. Qb5+ Nbd7 7. Qxb7 Bd6 8.
Bxd6 cxd6 9. Qa6 Qb8 10. b3 Qb4+ 11. c3 Qb6 12. Qxb6 Nxb6 13. Nd2 O-O 14. Ngf3
Rfe8 15. O-O e5 16. Rac1 e4 17. Ne1 Rac8 18. Nb1 Re7 19. Nc2 Rec7 20. Nca3 Nbd7
21. Nb5 Rc6 22. Nxa7 R8c7 23. Nxc6 Rxc6 24. Rc2 Ra6 25. Rfc1 Nb6 26. Nd2 Nfd7
27. f3 f5 28. fxe4 dxe4 29. c4 g6 30. Nb1 Nf6 31. h3 Kf7 32. Nc3 Nbd7 33. Na4
Nf8 34. c5 dxc5 35. Rxc5 Ne6 36. R5c2 Nd5 37. Rc6 Rxc6 38. Rxc6 Nxe3 39. Kf2
Nd1+ 40. Ke2 Nxd4+ 41. Kxd1 Nxc6 42. Nc5 Ke7 43. a4 Kd6 44. Na6 Na7 45. b4 Kc6
46. Nc5 Kd5 47. Ke2 Kc4 48. Na6 Kb3 49. b5 Kxa4 50. b6 Nc6 51. b7 Ka5 52. b8=Q
Nxb8 53. Nxb8 Kb5 54. Nd7 Kc4 55. g3 Kd4 56. Nf6 h5 57. h4 e3 58. Nh7 f4 59.
gxf4 Ke4 60. Nf8 Kxf4 61. Nxg6+ Ke4 62. Ne7 Kf4 63. Nd5+ Ke4 64. Nf6+ Kf4 65.
Nd5+ Ke4 66. Nxe3 Kf4 67. Kf2 Ke4 68. Ng2 Kf5 69. Kg3 Kg6 70. Kf4 Kf6 71. Ne3
Kg6 72. Nd5 Kh6 73. Kf5 Kg7 74. Kg5 {Black resigns} 1-0

[Event "Team 45 45 League T96"]
[Site "Internet Chess Club"]
[Date "2023.05.26"]
[Round "3"]
[White "Andressa"]
[Black "BrerRabbit"]
[Result "0-1"]
[WhiteElo "1333"]
[BlackElo "1387"]
[Opening "Caro-Kann defense"]
[ECO "B11"]
[Time "15:01:15"]
[PlyCount "96"]
[TimeControl "2700+45"]

1. e4 c6 2. Nc3 d5 3. exd5 cxd5 4. d4 Nf6 5. Nf3 Nc6 6. Be2 Bg4 7. h3 Bh5 8. O-O
e6 9. Bf4 Bd6 10. Qd2 O-O 11. Rfe1 a6 12. Ne5 Bxe2 13. Rxe2 Qc7 14. Rae1 Nd7 15.
Bh2 Ndxe5 16. Bxe5 Bxe5 17. dxe5 Rac8 18. Na4 Ne7 19. b3 b5 20. Nb2 Qb6 21. a4
b4 22. Nd3 a5 23. Rc1 Rc3 24. Qg5 Ng6 25. g3 Rfc8 26. Qd2 Qc7 27. Kg2 Qb6 28.
Nf4 Nxf4+ 29. Qxf4 Qa6 30. Qd2 Qc6 31. Kg1 Qc5 32. Kg2 Qc6 33. Kg1 Rxb3 34. cxb3
Qxc1+ 35. Qxc1 Rxc1+ 36. Kg2 Rc3 37. Rb2 Kf8 38. Kf1 Ke7 39. Ke2 Kd7 40. Kd2 Kc6
41. h4 h5 42. Ke2 Kc5 43. f3 Kd4 44. Kf2 Kxe5 45. Re2+ Kd4 46. Rd2+ Kc5 47. Rb2
e5 48. Ke2 f6 {White resigns} 0-1

[Event "Team 45 45 League T96"]
[Site "Internet Chess Club"]
[Date "2023.05.24"]
[Round "3"]
[White "smsxman"]
[Black "Balderdash"]
[Result "1-0"]
[WhiteElo "1421"]
[BlackElo "1212"]
[Opening "Four knights: Italian variation"]
[ECO "C47"]
[Time "13:00:11"]
[PlyCount "137"]
[TimeControl "2700+45"]

1. e4 e5 2. Nf3 Nc6 3. Nc3 Nf6 4. Bc4 h6 5. O-O d6 6. Re1 Bg4 7. Be2 d5 8. exd5
Nxd5 9. Nxd5 Qxd5 10. d3 O-O-O 11. c4 Qe6 12. h3 Bxf3 13. Bxf3 Nd4 14. Be4 f5
15. Bd5 Qg6 16. Rxe5 Bd6 17. Re1 Rde8 18. Be3 Bb4 19. Rf1 Bc5 20. b4 f4 21. bxc5
fxe3 22. fxe3 Rxe3 23. Be4 Ne2+ 24. Qxe2 Qg5 25. Qg4+ Qxg4 26. hxg4 Rg3 27. Kh2
Re3 28. Rfe1 Rxe1 29. Rxe1 b6 30. c6 a5 31. Bf5+ Kb8 32. Re7 h5 33. gxh5 Rxh5+
34. Bh3 g5 35. Kg3 Rh8 36. Bd7 Ka7 37. Kg4 a4 38. a3 Rh2 39. Re2 Rh4+ 40. Kxg5
Rd4 41. Re3 Ka6 42. Re8 b5 43. c5 Rd5+ 44. Kf6 Rxc5 45. g4 Rc3 46. g5 Kb6 47. g6
Rxd3 48. g7 Rf3+ 49. Ke6 Re3+ 50. Kd5 Rxa3 51. Rb8+ Ka5 52. g8=Q Rd3+ 53. Ke4
Rb3 54. Rb7 Rb4+ 55. Kd5 Rb2 56. Rxc7 a3 57. Qa8+ Kb4 58. Qf8+ Kb3 59. Qf3+ Ka2
60. Ra7 Rd2+ 61. Kc5 Rc2+ 62. Kb6 b4 63. Be6+ Ka1 64. Qd1+ Kb2 65. Qd4+ Rc3 66.
Rf7 a2 67. Rf2+ Kb1 68. Bxa2+ Kc1 69. Qd2# {Black checkmated} 1-0

[Event "Team 45 45 League T96"]
[Site "Internet Chess Club"]
[Date "2023.05.24"]
[Round "3"]
[White "oldbookseller"]
[Black "Ostap-Bender"]
[Result "0-1"]
[WhiteElo "867"]
[BlackElo "1240"]
[Opening "Queen's pawn: Yusupov-Rubinstein system"]
[ECO "A46"]
[Time "15:00:11"]
[PlyCount "54"]
[TimeControl "2700+45"]

1. d4 Nf6 2. Nf3 e6 3. e3 c5 4. Bd3 cxd4 5. O-O dxe3 6. Bxe3 d5 7. Nbd2 Bd6 8.
g3 O-O 9. c3 e5 10. Bc2 Bg4 11. Bb1 e4 12. Qc2 exf3 13. c4 dxc4 14. Ne4 g6 15.
Bd4 Nxe4 16. Qxe4 Qd7 17. Bc3 Bf5 18. Qd4 f6 19. Qd5+ Be6 20. Qd4 Nc6 21. Qe3
Ne5 22. Bd2 Bf7 23. Be4 Qh3 24. Bxf3 Nxf3+ 25. Qxf3 Qf5 26. Qxb7 Bd5 27. Qa6 Qf3
{White resigns} 0-1